NWL (28 & UNDER)
MOOSE JAW GHOSTBUSTERS @ MENLO MANIACS
08/15/2029
 
TOP OF THE 1ST
Moose Jaw Ghostbusters batting - Pitching for Menlo Maniacs : RHP Carlos Rodríguez
Pitching: RHP Carlos Rodríguez
Batting: SHB Michael Miller 0-0: Foul Ball, location: 2F
0-1: Swinging Strike
0-2: Fly out, F4 (Line Drive, 4)
Batting: LHB John Stone 0-0: Called Strike
0-1: Called Strike
0-2: Ball
1-2: Ball
2-2: Strikes out swinging
Batting: RHB Billy Mullins 0-0: Ball
1-0: Ball
2-0: Foul Ball, location: 2F
2-1: Ball
3-1: SINGLE (Line Drive, 34D)
Batting: LHB Jon Rogers 0-0: Swinging Strike
0-1: Ball
1-1: Foul Ball, location: 2F
1-2: Strikes out swinging
Top of the 1st over - 0 runs, 1 hit, 0 errors, 1 left on base; Moose Jaw 0 - Menlo 0
BOTTOM OF THE 1ST
Menlo Maniacs batting - Pitching for Moose Jaw Ghostbusters : RHP Lewis Sweeney
Pitching: RHP Lewis Sweeney
Batting: LHB Bernardo Rodríguez 0-0: Foul Ball, location: 2F
0-1: Fly out, F2 (Popup, 25F)
Batting: RHB Joe Smith 0-0: Ball
1-0: Ball
2-0: Foul Ball, location: 2F
2-1: Ground out 6-3 (Groundball, 6M)
Batting: LHB Bob Campbell 0-0: Ground out 1-3 (Groundball, 13S)
Bottom of the 1st over - 0 runs, 0 hits, 0 errors, 0 left on base; Moose Jaw 0 - Menlo 0
TOP OF THE 2ND
Moose Jaw Ghostbusters batting - Pitching for Menlo Maniacs : RHP Carlos Rodríguez
Batting: LHB Jon Scott 0-0: Ground out 4-3 (Groundball, 4)
Batting: RHB Henry Barker 0-0: Ball
1-0: Called Strike
1-1: Fly out, F7 (Flyball, 78D)
Batting: SHB Rafael Acosta 0-0: Ball
1-0: Foul Ball, location: 2F
1-1: Ball
2-1: Fly out, F8 (Line Drive, 8RD)
Top of the 2nd over - 0 runs, 0 hits, 0 errors, 0 left on base; Moose Jaw 0 - Menlo 0
BOTTOM OF THE 2ND
Menlo Maniacs batting - Pitching for Moose Jaw Ghostbusters : RHP Lewis Sweeney
Batting: RHB Eleuterio Supardo 0-0: Ball
1-0: Ball
2-0: Called Strike
2-1: Swinging Strike
2-2: Foul Ball, location: 2F
2-2: Strikes out swinging
Batting: RHB Gerald Miller 0-0: Called Strike
0-1: Swinging Strike
0-2: Foul Ball, location: 2F
0-2: Ball
1-2: Foul Ball, location: 2F
1-2: Foul Ball, location: 2F
1-2: Strikes out looking
Batting: LHB Alonso Carbajal 0-0: Ball
1-0: Called Strike
1-1: Ball
2-1: Foul Ball, location: 2F
2-2: Ball
3-2: Foul Ball, location: 2F
3-2: Base on Balls
Batting: LHB Ken Smith 0-0: Reached on error, E6 (Popup, 56D)
Alonso Carbajal to second
Batting: RHB Currito Campos 0-0: Foul Ball, location: 2F
0-1: DOUBLE (Groundball, 5L)
Alonso Carbajal scores
Ken Smith to third
Runner from 3rd tries for Home, SAFE, no throw
Batting: RHB Glenn Carter 0-0: Foul Ball, location: 2F
0-1: Ball
1-1: Swinging Strike
1-2: Foul Ball, location: 2F
1-2: Strikes out swinging
Bottom of the 2nd over - 2 runs, 1 hit, 1 error, 1 left on base; Moose Jaw 0 - Menlo 2
TOP OF THE 3RD
Moose Jaw Ghostbusters batting - Pitching for Menlo Maniacs : RHP Carlos Rodríguez
Batting: RHB Johnny MacNamara 0-0: Ball
1-0: Called Strike
1-1: Ball
2-1: Foul Ball, location: 2F
2-2: Fly out, F2 (Popup, 2RF)
Batting: SHB Martín Cruz 0-0: Ball
1-0: Ball
2-0: Ground out U3 (Groundball, 3)
Batting: SHB Michael Miller 0-0: Swinging Strike
0-1: Called Strike
0-2: Strikes out swinging
Top of the 3rd over - 0 runs, 0 hits, 0 errors, 0 left on base; Moose Jaw 0 - Menlo 2
BOTTOM OF THE 3RD
Menlo Maniacs batting - Pitching for Moose Jaw Ghostbusters : RHP Lewis Sweeney
Batting: LHB Bernardo Rodríguez 0-0: Ball
1-0: Called Strike
1-1: Ball
2-1: Foul Ball, location: 2F
2-2: Foul Ball, location: 2F
2-2: Strikes out swinging
Batting: RHB Joe Smith 0-0: Ball
1-0: Ball
2-0: Ball
3-0: Base on Balls
Batting: LHB Bob Campbell 0-0: Called Strike
Joe Smith steals 2nd base
0-1: Ground out 6-3 (Groundball, 6)
Joe Smith to third
Batting: RHB Eleuterio Supardo 0-0: Ball
1-0: Ball
2-0: Ball
3-0: Called Strike
3-1: Called Strike
3-2: SINGLE (Line Drive, 89M)
Joe Smith scores
Batting: RHB Gerald Miller 0-0: Foul Ball, location: 2F
0-1: Called Strike
0-2: Ball
1-2: DOUBLE (Flyball, 78XD)
Eleuterio Supardo to third
Eleuterio Supardo scores
Batting: LHB Alonso Carbajal 0-0: Ball
1-0: Foul Ball, location: 2F
1-1: Ball
2-1: Swinging Strike
2-2: Fly out, F8 (Flyball, 78D)
Bottom of the 3rd over - 2 runs, 2 hits, 0 errors, 1 left on base; Moose Jaw 0 - Menlo 4
TOP OF THE 4TH
Moose Jaw Ghostbusters batting - Pitching for Menlo Maniacs : RHP Carlos Rodríguez
Batting: LHB John Stone 0-0: Ball
1-0: Ball
2-0: Foul Ball, location: 2F
2-1: Ball
3-1: Base on Balls
Batting: RHB Billy Mullins 0-0: Ball
1-0: Ball
2-0: Swinging Strike
2-1: Foul Ball, location: 2F
2-2: Ball
3-2: Strikes out swinging
Batting: LHB Jon Rogers 0-0: Ball
1-0: Swinging Strike
1-1: Called Strike
1-2: Strikes out looking
Batting: LHB Jon Scott 0-0: Ball
1-0: Foul Ball, location: 2F
1-1: Called Strike
1-2: Fly out, F7 (Flyball, 7S)
Top of the 4th over - 0 runs, 0 hits, 0 errors, 1 left on base; Moose Jaw 0 - Menlo 4
BOTTOM OF THE 4TH
Menlo Maniacs batting - Pitching for Moose Jaw Ghostbusters : RHP Lewis Sweeney
Batting: LHB Ken Smith 0-0: Ball
1-0: Called Strike
1-1: Called Strike
1-2: Reached on error, E5 (Groundball, 5)
Batting: RHB Currito Campos 0-0: Fly out, F7 (Flyball, 7LD)
Batting: RHB Glenn Carter 0-0: 2-RUN HOME RUN (Line Drive, 89D), Distance : 400 ft
Batting: LHB Bernardo Rodríguez 0-0: Ground out 6-3 (Groundball, 6)
Batting: RHB Joe Smith 0-0: Ball
1-0: Ground out U3 (Groundball, 3)
Bottom of the 4th over - 2 runs, 1 hit, 1 error, 0 left on base; Moose Jaw 0 - Menlo 6
TOP OF THE 5TH
Moose Jaw Ghostbusters batting - Pitching for Menlo Maniacs : RHP Carlos Rodríguez
Batting: RHB Henry Barker 0-0: Ball
1-0: Ground out 4-3 (Groundball, 4M)
Batting: SHB Rafael Acosta 0-0: Ball
1-0: Ball
2-0: Called Strike
2-1: Ball
3-1: Base on Balls
Batting: RHB Johnny MacNamara 0-0: Ball
1-0: Called Strike
1-1: Called Strike
1-2: Foul Ball, location: 2F
1-2: Ground out 5-3 (Groundball, 56S)
Rafael Acosta to second
Batting: SHB Martín Cruz 0-0: Called Strike
0-1: Ball
1-1: Ball
2-1: Swinging Strike
2-2: Strikes out swinging
Top of the 5th over - 0 runs, 0 hits, 0 errors, 1 left on base; Moose Jaw 0 - Menlo 6
BOTTOM OF THE 5TH
Menlo Maniacs batting - Pitching for Moose Jaw Ghostbusters : RHP Lewis Sweeney
Batting: LHB Bob Campbell 0-0: Ball
1-0: Fly out, F4 (Flyball, 4D)
Batting: RHB Eleuterio Supardo 0-0: Called Strike
0-1: Ball
1-1: Foul Ball, location: 2F
1-2: Foul Ball, location: 2F
1-2: Ball
2-2: Strikes out swinging
Batting: RHB Gerald Miller 0-0: Ground out 4-3 (Groundball, 4)
Bottom of the 5th over - 0 runs, 0 hits, 0 errors, 0 left on base; Moose Jaw 0 - Menlo 6
TOP OF THE 6TH
Moose Jaw Ghostbusters batting - Pitching for Menlo Maniacs : RHP Carlos Rodríguez
Batting: SHB Michael Miller 0-0: Swinging Strike
0-1: Called Strike
0-2: Ball
1-2: Ball
2-2: SINGLE (Groundball, 4S) (infield hit)
Batting: LHB John Stone 0-0: DOUBLE (Line Drive, 7LD)
Michael Miller to third
Batting: RHB Billy Mullins 0-0: Swinging Strike
0-1: Called Strike
0-2: Strikes out swinging
Batting: LHB Jon Rogers 0-0: Swinging Strike
0-1: Ball
Wild Pitch!
Michael Miller scores
John Stone to third
1-1: Swinging Strike
1-2: Ball
2-2: Strikes out looking
Batting: LHB Jon Scott 0-0: Ground out 5-3 (Groundball, 56)
Top of the 6th over - 1 run, 2 hits, 0 errors, 1 left on base; Moose Jaw 1 - Menlo 6
BOTTOM OF THE 6TH
Menlo Maniacs batting - Pitching for Moose Jaw Ghostbusters : RHP Lewis Sweeney
Pitching: RHP Juan Arreola
Batting: LHB Alonso Carbajal 0-0: DOUBLE (Line Drive, 7D)
Batting: LHB Ken Smith 0-0: Foul Ball, location: 2F
0-1: Ball
1-1: SINGLE (Groundball, 6D)
Alonso Carbajal to third
Throwing error, E8
Alonso Carbajal scores
Ken Smith to second
Batting: RHB Currito Campos 0-0: Ball
1-0: Called Strike
1-1: Called Strike
1-2: Fly out, F5 (Line Drive, 56)
Batting: RHB Glenn Carter 0-0: Foul Ball, location: 2F
0-1: Ground out 6-3 (Groundball, 6)
Batting: LHB Bernardo Rodríguez 0-0: Ball
1-0: Called Strike
1-1: Ball
2-1: Ground out 5-3 (Groundball, 5)
Bottom of the 6th over - 1 run, 2 hits, 1 error, 1 left on base; Moose Jaw 1 - Menlo 7
TOP OF THE 7TH
Moose Jaw Ghostbusters batting - Pitching for Menlo Maniacs : RHP Carlos Rodríguez
Batting: RHB Henry Barker 0-0: Ground out 5-3 (Groundball, 5S)
Batting: SHB Rafael Acosta 0-0: SINGLE (Groundball, 4MD)
Batting: RHB Johnny MacNamara 0-0: Ball
1-0: Ball
2-0: Called Strike
2-1: Foul Ball, location: 2F
2-2: SINGLE (Groundball, 6MD)
Rafael Acosta to second
Runner from 2nd tries for 3rd, SAFE, throw made to third
Batting: SHB Martín Cruz 0-0: Foul Ball, location: 2F
0-1: 3-RUN HOME RUN (Flyball, 7LD), Distance : 346 ft
Batting: SHB Michael Miller 0-0: Ball
1-0: Ball
2-0: Called Strike
2-1: Foul Ball, location: 2F
2-2: SINGLE (Flyball, 7S)
Pitching: RHP Jesús Martínez
Batting: LHB John Stone 0-0: Fly out, F3 (Popup, 3)
Batting: RHB Billy Mullins 0-0: Ball
1-0: Called Strike
1-1: Ball
2-1: Ball
3-1: Called Strike
3-2: Ground out 6-3 (Groundball, 6S)
Top of the 7th over - 3 runs, 4 hits, 0 errors, 1 left on base; Moose Jaw 4 - Menlo 7
BOTTOM OF THE 7TH
Menlo Maniacs batting - Pitching for Moose Jaw Ghostbusters : RHP Juan Arreola
Batting: RHB Joe Smith 0-0: Ball
1-0: Called Strike
1-1: Ball
2-1: Ball
3-1: Ground out 4-3 (Groundball, 34)
Batting: LHB Bob Campbell 0-0: Ball
1-0: Called Strike
1-1: Ball
2-1: Ball
3-1: Base on Balls
Batting: RHB Eleuterio Supardo 0-0: Ball
Bob Campbell steals 2nd base
1-0: Called Strike
1-1: Fly out, F6 (Line Drive, 6)
Batting: RHB Gerald Miller 0-0: Called Strike
0-1: Ball
Wild Pitch!
Bob Campbell to third
1-1: Ball
2-1: Swinging Strike
2-2: SINGLE (Line Drive, 5L)
Bob Campbell scores
Pitching: LHP Javier Galeas
Batting: LHB Alonso Carbajal 0-0: Called Strike
Gerald Miller steals 2nd base
0-1: DOUBLE (Line Drive, 7LM)
Gerald Miller scores
Batting: LHB Ken Smith 0-0: Ball
1-0: Foul Ball, location: 2F
1-1: Ball
2-1: Foul Ball, location: 2F
2-2: Ball
3-2: Foul Ball, location: 2F
3-2: Fly out, F7 (Flyball, 7LM)
Bottom of the 7th over - 2 runs, 2 hits, 0 errors, 1 left on base; Moose Jaw 4 - Menlo 9
TOP OF THE 8TH
Moose Jaw Ghostbusters batting - Pitching for Menlo Maniacs : RHP Jesús Martínez
Batting: LHB Jon Rogers 0-0: Ball
1-0: Called Strike
1-1: Foul Ball, location: 2F
1-2: Foul Ball, location: 2F
1-2: Ball
2-2: Fly out, F8 (Flyball, 8RM)
Batting: LHB Jon Scott 0-0: Ball
1-0: Called Strike
1-1: Swinging Strike
1-2: Strikes out swinging
Batting: RHB Henry Barker 0-0: Called Strike
0-1: Ball
1-1: Called Strike
1-2: Ball
2-2: Ball
3-2: Foul Ball, location: 2F
3-2: Foul Ball, location: 2F
3-2: Foul Ball, location: 2F
3-2: Base on Balls
Batting: SHB Rafael Acosta 0-0: Ball
1-0: Ground out 1-3 (Groundball, 13S)
Top of the 8th over - 0 runs, 0 hits, 0 errors, 1 left on base; Moose Jaw 4 - Menlo 9
BOTTOM OF THE 8TH
Menlo Maniacs batting - Pitching for Moose Jaw Ghostbusters : LHP Javier Galeas
Batting: RHB Currito Campos 0-0: Called Strike
0-1: Ball
1-1: Fly out, F9 (Flyball, 9S)
Batting: RHB Glenn Carter 0-0: Ground out 6-3 (Groundball, 6MS)
Batting: LHB Bernardo Rodríguez 0-0: Ball
1-0: Swinging Strike
1-1: Foul Ball, location: 2F
1-2: Foul Ball, location: 2F
1-2: Ball
2-2: Foul Ball, location: 2F
2-2: Foul Ball, location: 2F
2-2: Strikes out swinging
Bottom of the 8th over - 0 runs, 0 hits, 0 errors, 0 left on base; Moose Jaw 4 - Menlo 9
TOP OF THE 9TH
Moose Jaw Ghostbusters batting - Pitching for Menlo Maniacs : RHP Jesús Martínez
Now at 1B: William Rogers
Batting: RHB Johnny MacNamara 0-0: Swinging Strike
0-1: Swinging Strike
0-2: Ball
1-2: Foul Ball, location: 2F
1-2: Foul Ball, location: 2F
1-2: Foul Ball, location: 2F
1-2: Strikes out swinging
Batting: SHB Martín Cruz 0-0: Foul Ball, location: 2F
0-1: Ball
1-1: Ball
2-1: Ball
3-1: Swinging Strike
3-2: Base on Balls
Batting: SHB Michael Miller 0-0: Called Strike
0-1: Foul Ball, location: 2F
0-2: Ball
1-2: Fly out, F8 (Flyball, 89M)
Batting: LHB John Stone 0-0: Foul Ball, location: 2F
Pickoff Throw to First - Error! E1
Martín Cruz to second
0-1: Ball
1-1: Ball
2-1: SINGLE (Line Drive, 7LS)
Martín Cruz to third
Batting: RHB Billy Mullins 0-0: SINGLE (Groundball, 34D)
Martín Cruz scores
John Stone to second
Batting: LHB Jon Rogers 0-0: Called Strike
0-1: Fly out, F3 (Popup, 3SF)
Top of the 9th over - 1 run, 2 hits, 1 error, 2 left on base; Moose Jaw 5 - Menlo 9
Saturday, December 16th, 2017 - OOTP Baseball 18.8 Build 76